 Dungeon Crawl Stone Soup version 0.29-a0-284-gf9362112df (webtiles) character file.

Game seed: 16878914960875095643

68 mistaj the Skirmisher (level 4, 0/41 HPs)
             Began as a Hill Orc Fighter on Mar 19, 2022.
             Succumbed to a gnoll's poison
             ... on level 2 of the Dungeon.
             The game lasted 00:02:30 (1315 turns).

mistaj the Skirmisher (Hill Orc Fighter)            Turns: 1315, Time: 00:02:30

Health: 0/41       AC:  9    Str: 20    XL:     4   Next: 19%
Magic:  4/4        EV:  7    Int:  8    God:
Gold:   104        SH:  4    Dex: 10    Spells: 3/3 levels left

rFire   . . .      SeeInvis .   i - +0 broad axe
rCold   . . .      Faith    .   c - +0 buckler
rNeg    . . .      Spirit   .   e - +0 chain mail
rPois   .          Reflect  .   (no helmet)
rElec   .          Harm     .   (no cloak)
rCorr   .          Rampage  .   (no gloves)
Will    .....                   (no boots)
Stlth   ..........              (no amulet)
HPRegen 0.13/turn               (no ring)
MPRegen 0.09/turn               (no ring)

@: lethally poisoned (0 -> -11)
A: no striking features
a: no special abilities


You were on level 2 of the Dungeon.
You visited 1 branch of the dungeon, and saw 2 of its levels.

You collected 104 gold pieces.

Inventory:

Hand Weapons
 i - a +0 broad axe (weapon)
Armour
 c - a +0 buckler (worn)
 e - a +0 chain mail (worn)
Scrolls
 g - a scroll of fog {unknown}
 h - a scroll of identify {unknown}
Potions
 b - 3 potions of ambrosia {unknown}
 d - a potion of might
 f - a potion of brilliance {unknown}


   Skills:
 + Level 4.9 Fighting
 + Level 4.5 Axes
 - Level 3.2 Armour
 - Level 3.2 Shields


You had 3 spell levels left.
You didn't know any spells.
Your spell library was empty.

Dungeon Overview and Level Annotations

Branches:
Dungeon (2/15)

Altars:

Shops:
D:2 ?

Annotations:
D:2 Terence


Message History

You block the gnoll's attack.
You closely miss the gnoll. You hit the gnoll.
The gnoll hits you but does no damage. The gnoll hits you with a +0 flail.
You block the gnoll's attack.
You slash the gnoll!
You kill the gnoll!
You completely miss the gnoll.
The gnoll hits you with a +2 spear of venom.
You block the gnoll's attack.
You have reached level 4!
You slash the gnoll!
The gnoll is severely wounded.
The gnoll hits you with a +2 spear of venom.
You are poisoned.
You closely miss the gnoll.
The gnoll is severely wounded.
You feel sick.
The gnoll hits you with a +2 spear of venom.
You are more poisoned.
The gnoll hits you but does no damage.
You are lethally poisoned!
You hit the gnoll.
The gnoll is almost dead.
You feel extremely sick. The gnoll barely misses you.
You barely miss the gnoll.
The gnoll is almost dead.
You feel very sick.
The gnoll hits you with a +2 spear of venom.
* * * LOW HITPOINT WARNING * * *
You are more poisoned.
You slash the gnoll!
You kill the gnoll!
* * * LOW HITPOINT WARNING * * *
You feel very sick.
* * * LOW HITPOINT WARNING * * *
You feel very sick.
A dart slug comes into view.
Sorry, you're not good enough to have a special ability.
You die...

#.# #.'....[...'.#
..####.#.##..##.###
.......#.##..##.#
..###..#........##
#..########''####.###
##.....#.#...# ..#######
######.....########........
......#..#........†.....w#
................@.)..###...
♣........###########......
.........# ......
♣.......## .......
........# ....... ........#
∩.g.... ..|....## .......
...>..## ###.###
##w......##


There were no monsters in sight!

Vanquished Creatures
  3 gnolls
  A worm (D:2)
  2 ball pythons (D:1)
  4 bats
  5 endoplasms
  2 giant cockroaches (D:1)
  3 goblins (D:1)
  6 hobgoblins
  A kobold (D:2)
  A quokka (D:1)
  3 frilled lizards
31 creatures vanquished.

Vanquished Creatures (others)
  13 plants (D:2)
13 creatures vanquished.

Grand Total: 44 creatures vanquished

Notes
Turn   | Place    | Note
-------+----------+-------------------------------------------
     0 | D:1      | mistaj the Hill Orc Fighter began the quest for the Orb.
     0 | D:1      | Reached XP level 1. HP: 19/19 MP: 1/1
   166 | D:1      | Reached XP level 2. HP: 26/27 MP: 2/2
   944 | D:2      | Noticed Terence
   950 | D:1      | Reached XP level 3. HP: 34/34 MP: 3/3
  1238 | D:2      | Found Fablod's Magic Scroll Emporium.
  1309 | D:2      | Reached XP level 4. HP: 33/41 MP: 4/4
  1315 | D:2      | Succumbed to a gnoll's poison

Illustrated notes

Levels and vault maps discovered:
D:1:      dpeg_arrival_prison, layout_basic, serial_corexii_hall,
          chequers_hall_statues_y, corexii_hall_statues_l,
          chequers_hall_statues_corner_a, chequers_hall_statues_wall_a
D:2:      layout_rooms, serial_forest, infiniplex_forest_lined_ring,
          infiniplex_forest_lined_corner, infiniplex_forest_clump_C,
          infiniplex_forest_clump_diagonal, infiniplex_forest_clump_long,
          infiniplex_forest_clump_cross, infiniplex_forest_end_1,
          infiniplex_forest_straight_1, serial_shops, shop,
          kennysheep_generic_room_5, uniq_terence

Skill      XL: |  1  2  3 |
---------------+----------+-----
Axes           | 3 4 |  4.5
Fighting       | 4 |  4.9
Armour         | |  3.2
Shields        | |  3.2

Action                   |  1- 3 |  4- 6 || total
-------------------------+-------+-------++-------
Melee: War axe           |    90 |       ||    90
       Broad axe         |     2 |     5 ||     7
Armor: Chain mail        |    45 |     1 ||    46
Dodge: Dodged            |    37 |     1 ||    38
Block: Buckler           |    24 |       ||    24

Table legend: (Time is in decaauts)
 A = Elapsed time spent in this place.
 B = Non-inter-level travel time spent in this place.
 C = Inter-level travel time spent in this place.
 D = Time resting spent in this place.
 E = Time spent auto-exploring this place.
 F = Levels seen in this place.
 G = Mean time per level.
                   A        B        C        D        E       F      G
               +--------+--------+--------+--------+--------+-----+--------+
         Total |   1350 |   1269 |     81 |    110 |    821 |   2 |  675.0 |
       Dungeon |   1350 |   1269 |     81 |    110 |    821 |   2 |  675.0 |
               +--------+--------+--------+--------+--------+-----+--------+

Top non-repeatable levels by time:
     D:1: 1020 daAuts
     D:2: 330 daAuts
